 Dungeon Sprint DCSS version 0.23.1 (webtiles) character file.

Game seed: 2486541187959683215

102 Fang the Skirmisher (level 4, -2/32 HPs)
             Began as a Gargoyle Berserker on Mar 19, 2019.
             Was an Elder of Trog.
             Slain by a two-headed ogre
             ... wielding a +0 giant spiked club
              (12 damage)
             ... in the Dungeon (Sprint IX: "|||||||||||||||||||||||||||||").
             The game lasted 00:01:02 (279 turns).

Fang the Skirmisher (Gargoyle Berserker)             Turns: 279, Time: 00:01:03

Health: -2/32      AC: 13    Str: 28    XL:     4   Next: 77%
Magic:  4/4        EV: 12    Int:  7    God:    Trog [****..]
Gold:   0          SH:  0    Dex:  9    Spells: 3/3 levels left

rFire    . . .     SeeInvis .   n - +1 broad axe (freeze)
rCold    . . .     Gourm    .   (no shield)
rNeg     + . .     Faith    .   p - +2 ring mail
rPois    ∞         Spirit   .   q - +0 helmet
rElec    +         Reflect  .   (no cloak)
rCorr    .         Harm     .   (no gloves)
MR       .....     NoTele   +   (no boots)
Stlth    ..........             (no amulet)
HPRegen  0.10/turn              j - +3 ring of strength
MPRegen  0.09/turn              o - +3 ring of strength

@: berserk cooldown, slowed, very slow
A: negative energy resistance 1, electricity resistance, unbreathing,
petrification resistance, rot immunity, AC +3
a: Berserk, Trog's Hand, Brothers in Arms, Renounce Religion


You were in the Dungeon.
You worshipped Trog.
Trog was greatly pleased with you.
You were not hungry.

You visited 1 branch

Inventory:

Hand Weapons
 n - a +1 broad axe of freezing (weapon)
Armour
 p - a +2 ring mail (worn)
 q - a +0 helmet (worn)
Jewellery
 j - a +3 ring of strength (left hand)
 o - a +3 ring of strength (right hand)
Wands
 m - a wand of acid (10)
Scrolls
 i - 2 scrolls of blinking
 l - 3 scrolls of remove curse
Potions
 d - 5 potions of curing
 e - 3 potions of heal wounds
 f - a potion of haste
 g - 4 potions of magic
 h - a potion of berserk rage
 k - a potion of invisibility
Comestibles
 c - a ration


   Skills:
 + Level 5.9 Fighting
 + Level 4.9 Axes
 + Level 5.3 Armour
 + Level 4.0 Dodging


You had 3 spell levels left.
You didn't know any spells.
Your spell library was empty.

Dungeon Overview and Level Annotations

Branches:
Dungeon (1/1)

Altars:
Cheibriados
Dithmenos
Elyvilon
Fedhas
Gozag
Hepliaklqana
Kikubaaqudgha
Makhleb
Nemelex Xobeh
Okawaru
Qazlal
Ru
Sif Muna
Trog
Uskayaw
Vehumet
Wu Jian
Xom
Yredelemnul
Zin
The Shining One
Beogh
Jiyva
Lugonu


Innate Abilities, Weirdness & Mutations

You are resistant to torment.
Your stone body is resilient. (AC +3)
You are immune to poison.
You resist negative energy. (rN+)
You are resistant to electric shocks. (rElec)
You can survive without breathing.
You are immune to petrification.
You are immune to rotting.


Message History

The centaur barely misses you. The centaur hits you.
You barely miss the centaur.
The centaur is severely wounded.
The centaur hits you.
You barely miss the centaur.
The centaur is severely wounded.
The centaur barely misses you.
You barely miss the centaur.
The centaur is severely wounded.
The centaur hits you but does no damage.
You slash the two-headed ogre! You freeze the two-headed ogre.
The two-headed ogre is moderately wounded.
You are no longer berserk.
You are exhausted.
You feel yourself slow down.
You barely miss the two-headed ogre.
The two-headed ogre is moderately wounded.
The two-headed ogre barely misses you.
The two-headed ogre hits you with a +0 giant spiked club!
You die... ▓▓▓▓▓▓▓▓▓▓▓▓▓▓▓▓▓▓▓▓▓▓▓▓ ______'.?|)[[...@OcOZ..+ ▓▓▓▓▓▓▓▓▓▓▓▓▓▓▓▓▓▓▓▓▓▓▓▓

You could see a two-headed ogre, an ogre, a centaur and an adder zombie.

Vanquished Creatures
  A crimson imp (D)
  A jelly (D)
  An orc priest (D)
  An orc (D)
  A bat zombie (D)
  2 hobgoblins (D)
  2 frilled lizards (D)
  2 quokka zombies (D)
  A rat (D)
12 creatures vanquished.

Notes
Turn   | Place    | Note
-------+----------+-------------------------------------------
     0 | D        | Fang the Gargoyle Berserker began the quest for the Orb.
     0 | D        | Reached XP level 1. HP: 14/14 MP: 1/1
    12 | D        | Reached ** piety under Trog
   118 | D        | Noticed a jelly
   118 | D        | Noticed a crimson imp
   124 | D        | Killed a jelly
   124 | D        | Reached *** piety under Trog
   124 | D        | Reached XP level 2. HP: 20/20 MP: 2/2
   124 | D        | Reached XP level 3. HP: 24/24 MP: 3/3
   130 | D        | Reached skill level 5 in Fighting
   130 | D        | Reached XP level 4. HP: 31/31 MP: 4/4
   132 | D        | Reached **** piety under Trog
   186 | D        | Found a roughly hewn altar of Beogh.
   186 | D        | Found a snail-covered altar of Cheibriados.
   186 | D        | Found a shadowy altar of Dithmenos.
   186 | D        | Found a white marble altar of Elyvilon.
   186 | D        | Found a blossoming altar of Fedhas.
   186 | D        | Found an opulent altar of Gozag.
   187 | D        | Found a hazy altar of Hepliaklqana.
   188 | D        | Found a viscous altar of Jiyva.
   189 | D        | Found an ancient bone altar of Kikubaaqudgha.
   190 | D        | Found a corrupted altar of Lugonu.
   191 | D        | Found a burning altar of Makhleb.
   192 | D        | Found a sparkling altar of Nemelex Xobeh.
   193 | D        | Found an iron altar of Okawaru.
   194 | D        | Found a stormy altar of Qazlal.
   195 | D        | Found a sacrificial altar of Ru.
   196 | D        | Found a deep blue altar of Sif Muna.
   197 | D        | Found a bloodstained altar of Trog.
   198 | D        | Found a hide-covered altar of Uskayaw.
   199 | D        | Found a radiant altar of Vehumet.
   200 | D        | Found an ornate altar of the Wu Jian Council.
   201 | D        | Found a shimmering altar of Xom.
   202 | D        | Found a basalt altar of Yredelemnul.
   203 | D        | Found a glowing silver altar of Zin.
   204 | D        | Found a glowing golden altar of the Shining One.
   265 | D        | Noticed a centaur
   265 | D        | Noticed an ogre
   265 | D        | Noticed a two-headed ogre
   271 | D        | Reached skill level 5 in Armour
   279 | D        | Slain by a two-headed ogre

Skill      XL: |  1  2  3  4 |
---------------+-------------+-----
Axes           | 3 4 |  4.9
Dodging        | 3 4 |  4.0
Fighting       | 4 5 |  5.9
Armour         | 4 5 |  5.3

Action                   |  1- 3 |  4- 6 || total
-------------------------+-------+-------++-------
Melee: Hand axe          |    23 |     1 ||    24
       Broad axe         |       |    12 ||    12
Invok: Berserk           |     1 |     1 ||     2
Armor: Animal skin       |     9 |       ||     9
       Ring mail         |       |     2 ||     2
Dodge: Dodged            |     5 |     6 ||    11
